 Dungeon Crawl Stone Soup version 0.28-a0-1404-g4df0f3684d (webtiles) character file.

Game seed: 7717189033089245855

97 bande the Covered (level 4, 0/29 HPs)
             Began as a Gargoyle Fighter on Jan 6, 2022.
             Slain by a gnoll shaman (4 damage)
             ... on level 1 of the Dungeon.
             The game lasted 00:02:26 (2628 turns).

bande the Covered (Gargoyle Fighter)                Turns: 2628, Time: 00:02:27

Health: 0/29       AC: 11    Str: 17    XL:     4   Next: 68%
Magic:  4/4        EV:  9    Int:  9    God:
Gold:   39         SH:  5    Dex: 13    Spells: 3/3 levels left

rFire   . . .      SeeInvis .   a - +0 war axe
rCold   . . .      Faith    .   c - +0 buckler
rNeg    + . .      Spirit   .   b - +0 scale mail
rPois   ∞          Reflect  .   (no helmet)
rElec   +          Harm     .   (no cloak)
rCorr   .          Rampage  .   (no gloves)
Will    .....      Clarity  +   f - +0 pair of boots
Stlth   ..........              (no amulet)
HPRegen 0.09/turn               (no ring)
MPRegen 0.09/turn               (no ring)

@: lit by a corona, glowing
A: sickness immunity, AC +3, negative energy resistance 1, electricity
resistance, torment resistance 1, petrification resistance, agile 1, clarity,
weak 1
a: no special abilities


You were on level 1 of the Dungeon.
You visited 1 branch of the dungeon, and saw 2 of its levels.

You collected 39 gold pieces.

Inventory:

Hand Weapons
 a - a +0 war axe (weapon)
Armour
 b - a +0 scale mail (worn)
 c - a +0 buckler (worn)
 f - a +0 pair of boots (worn)
Scrolls
 e - a scroll of silence
Potions
 d - a potion of might
 h - 2 potions of curing


   Skills:
 + Level 3.8 Fighting
 + Level 2.9 Axes
 + Level 4.2 Armour
 - Level 0.2 Stealth
 + Level 3.6 Shields


You had 3 spell levels left.
You didn't know any spells.
Your spell library contained the following spells:

 Spells                   Type           Power      Damage    Failure   Level
 Foxfire                  Conj/Fire      0%         2x1d4     86%         1
 Magic Dart               Conj           0%         1d3       86%         1
 Summon Small Mammal      Summ           0%         N/A       86%         1
 Corpse Rot               Necr/Air       0%         N/A       95%         2
 Searing Ray              Conj           0%         2d4       95%         2
 Call Canine Familiar     Summ           0%         N/A       99%         3
 Conjure Flame            Conj/Fire      0%         6-21      99%         3
 Inner Flame              Hex/Fire       0%         N/A       99%         3
 Summon Guardian Golem    Hex/Summ       0%         N/A       99%         3
 Dispel Undead            Necr           0%         3d6       100%        4
 Flame Wave               Conj/Fire      0%         2d4       100%        4
 Fulminant Prism          Conj/Hex       0%         3d6       100%        4
 Summon Forest            Summ/Tloc      0%         N/A       100%        5
 Summon Mana Viper        Hex/Summ       0%         N/A       100%        5
 Death Channel            Necr           0%         N/A       100%        6
 Summon Cactus Giant      Summ           0%         N/A       100%        6


Dungeon Overview and Level Annotations

Branches:
Dungeon (2/15)

Altars:


Innate Abilities, Weirdness & Mutations

You are immune to sickness and miasma.
Your stone body is resilient. (AC +3)
You are immune to poison.
You resist negative energy. (rN+)
You are resistant to electric shocks. (rElec)
You are resistant to unholy torment.
You are immune to petrification.
You are agile. (Dex +2)
You possess an exceptional clarity of mind.
You are weak. (Str -2)


Message History

You slash the gnoll shaman!
The gnoll shaman is almost dead.
The gnoll shaman utters an invocation to its god.
The gnoll shaman is healed somewhat.
The gnoll shaman barely misses you.
You barely miss the gnoll shaman.
The gnoll shaman is heavily wounded.
The gnoll shaman hits you with a +0 club.
You hit the gnoll shaman.
The gnoll shaman is severely wounded.
The gnoll shaman mumbles some strange prayers to its god.
The gnoll shaman is healed somewhat.
The gnoll shaman hits you but does no damage.
You barely miss the gnoll shaman.
The gnoll shaman is heavily wounded.
The gnoll shaman hits you but does no damage.
You hit the gnoll shaman.
The gnoll shaman is severely wounded.
The gnoll shaman hits you but does no damage.
You hit the gnoll shaman but do no damage.
The gnoll shaman is severely wounded.
The gnoll shaman hits you with a +0 club!
* * * LOW HITPOINT WARNING * * *
The gnoll shaman mumbles some strange prayers to its god.
The gnoll shaman is healed somewhat.
You hit the gnoll shaman.
The gnoll shaman is severely wounded.
You block the gnoll shaman's attack.
You hit the gnoll shaman.
The gnoll shaman is severely wounded.
You block the gnoll shaman's attack.
You hit the gnoll shaman but do no damage.
The gnoll shaman is severely wounded.
The gnoll shaman hits you with a +0 club.
* * * LOW HITPOINT WARNING * * *
The gnoll shaman calls down the wrath of its god upon you.
You are outlined in light.
You hit the gnoll shaman.
The gnoll shaman is almost dead.
The gnoll shaman hits you with a +0 club.
You die...

#.###.## #####
#.#.#.## #.#
#..# #.##.##
#.# #### ###
#.#### #.# #.#
#.# ######.#
#.# #.#
....##.# #.#
#.# ###.##.#
#.# #.# #.##.#
#########.# #.#
#.##.#
#......@..###.#
#.##.#
#.....g.......#
#.##.#
#..############
#.##.###..#
#.........#
###########


You could see a gnoll shaman.

Vanquished Creatures
  2 gnolls (D:2)
  4 adders
  A worm (D:2)
  2 dart slugs
  An orc (D:2)
  3 endoplasms (D:2)
  A giant cockroach (D:2)
  3 goblins (D:1)
  6 hobgoblins (D:1)
  A quokka (D:1)
  2 ball pythons
  3 bats
  2 frilled lizards
  2 kobolds (D:1)
  5 rats
38 creatures vanquished.

Notes
Turn   | Place    | Note
-------+----------+-------------------------------------------
     0 | D:1      | bande the Gargoyle Fighter began the quest for the Orb.
     0 | D:1      | Reached XP level 1. HP: 14/14 MP: 1/1
   105 | D:1      | Reached XP level 2. HP: 15/19 MP: 2/2
   725 | D:1      | Found a faded altar of an unknown god.
   848 | D:2      | Reached XP level 3. HP: 11/23 MP: 3/3
   848 | D:2      | Gained mutation: You are weak. (Str -2) [potion of
                  | mutation]
   848 | D:2      | Gained mutation: You are agile. (Dex +2) [potion of
                  | mutation]
   848 | D:2      | Gained mutation: You possess an exceptional clarity of
                  | mind. [potion of mutation]
  1912 | D:2      | Reached skill level 4 in Armour
  2414 | D:2      | Reached XP level 4. HP: 29/29 MP: 4/4
  2628 | D:1      | Slain by a gnoll shaman

Illustrated notes

Levels and vault maps discovered:
D:1:      dpeg_arrival_erosion, layout_loops_ring,
          shapermc_ecumenical_altar_hornbeckon
D:2:      minmay_roachtagon, layout_basic

Skill      XL: |  1  2  3 |
---------------+----------+-----
Axes           | 2 |  2.9
Armour         | 4 |  4.2
Fighting       | |  3.8
Stealth        | |  0.2
Shields        | |  3.6

Action                   |  1- 3 |  4- 6 || total
-------------------------+-------+-------++-------
Melee: War axe           |   125 |    35 ||   160
  Use: Scroll            |     4 |       ||     4
       Potion            |     2 |       ||     2
Armor: Scale mail        |    70 |    20 ||    90
Dodge: Dodged            |    63 |     8 ||    71
Block: Buckler           |    25 |    12 ||    37

Table legend: (Time is in decaauts)
 A = Elapsed time spent in this place.
 B = Non-inter-level travel time spent in this place.
 C = Inter-level travel time spent in this place.
 D = Time resting spent in this place.
 E = Time spent auto-exploring this place.
 F = Levels seen in this place.
 G = Mean time per level.
                   A        B        C        D        E       F      G
               +--------+--------+--------+--------+--------+-----+--------+
         Total |   2701 |   2683 |     18 |   1017 |   1293 |   2 | 1350.5 |
       Dungeon |   2701 |   2683 |     18 |   1017 |   1293 |   2 | 1350.5 |
               +--------+--------+--------+--------+--------+-----+--------+

Top non-repeatable levels by time:
     D:2: 1666 daAuts
     D:1: 1035 daAuts
